Description

This is just a very safe opening for beginner zergs to use vs all 3 matchups. It allows you to build economy and expand to 3 bases rather quickly. It’s just a guide that you can use consistently for the first few minutes of every game to give you a consistent start to practice.

As a beginner your main focus should be learning the fundamentals of macro, constantly building workers, spending your money and not getting supply blocked.

From here you can adjust and learn as you go. Choose which tech and upgrades to focus on. Learn how to build your economy from here naturally and enjoy figuring out the many details that will turn you into a great player!

VOD

https://www.youtube.com/watch?v=Qm78oeUGIko

Replay - ZvX GUIDE - Beginner Opening for all three Races! (ZvX Economic)

Build Order

Get SALT Encoding   

  13  0:15  Overlord  
  17  0:45  Spawning Pool  
  17  1:10  Hatchery  
  19  1:25  Queen  
  21  1:35  Overlord  
  22  1:50  Zergling  
  23  2:10  Queen  
  25  2:20  Metabolic Boost  
  25  2:35  Zergling  
  25  2:40  Queen  
  30  2:55  Overlord  
  38  3:25  Roach Warren  
  42  3:35  Overlord  
  44  3:50  Hatchery  
  51  4:20  Lair  
  51  4:25  Evolution Chamber x2  
  51  4:40  Extractor  
  49  5:00  Zerg Missile Weapons Level 1 x2  
  49  5:10  Zerg Ground Armor Level 1  
Spawning Tool Build Advisor. Get it on Overwolf

Analysis

17 pool
17 hatch
17 gas
@100% pool - Build queen + 3 pairs of lings
    Que up a second queen before this one finishes
    Build a 3rd queen from your natural hatchery
@100gas - start ling speed
36 - Defensive Tech
    Roach warren or Baneling nest (your choice)
44 - take a 3rd base (3:30-4:00)
50 - Lair, 2x evo chamber and 2xGas.

Go to:

Details

  • Created by: birdy     
  • Published on: Nov 22, 2017
  • Modified on: Dec 29, 2017
  • Patch: 4.0.0
  • Difficulty: Easy
Show
View Real Time Build Order
Export as new Build Order

Comments (9)

On Dec. 15, 2017, 10:11 a.m., birdy  said:

Hey Guys ! Sorry for waiting that long!
i finally fixed the Build order so u can use it on Spawning Tool App !
ENJOY HF GL GGS BOIS

On Dec. 14, 2017, 8:41 p.m., Lakiel  said:

Hey thanks for your build but apparently the code for salt does not appear

On Nov. 27, 2017, 2:44 p.m., MrMody  said:

Can you just correct the build order to the right place? Can't use in Spawning Tool Build Advisor, because build order is in "Analysis"... and you can add few tips from description to "Build Order:" tab.

On Nov. 24, 2017, 5:34 a.m., birdy  said:

@ Seizon
This is Great dude ! Hope u enjoy this build.
U can delay the banenest / Roachwarren vs Terran and Protoss a bit yes ! but as u said if u can execute this build correctly u can reach master with that.

On Nov. 24, 2017, 5:23 a.m., birdy  said:

Hey Guys thanks for ur response!
@CannedCornn yes it is a very safe build order and it should be as it is. Its just a Basic Build Order to give beginner a Idea how they can play the game, so u can learn the game faster and just give you a solid basic Gameplan.

On Nov. 23, 2017, 8:58 p.m., Seizon  said:

Hey man, as a beginner Zerg and Diamond 1 former Terran this build gave me a huge direction in the game and I climbed a lot on ladder. One can easily get to Master league using this build with proper execution. Do you think it's too risky to get the 3rd hatch before the Bane Nest/Roach Warren against Terran or Protoss? Thank you.

On Nov. 23, 2017, 3:31 p.m., CannedCornn  said:

I feel like this is way too safe and most games you'd probably put yourself behind. but idk prove me wrong if not

On Nov. 23, 2017, 2:12 a.m., birdy  said:

hey m8 ! yes i will upload it today.

On Nov. 22, 2017, 11:46 p.m., StoicLoofah  said:

Thanks for sharing this build order. Do you have a replay example of the build?

Create an account to comment!